Map: Frost LE

Players

blackxored - Winner!

  • Race: Zerg Zerg
  • League: Diamond

AcidRain

  • Race: Protoss Protoss
  • League: Platinum

VOD

Have the link to the VOD?

Description

Time

  • Played on: July 3, 2016, 11:32 a.m.
  • Length: 20:19
Show
View Real Time Build Order
Export as new Build Order

blackxored Zerg - Winner!

Build Orders: Hatch First 

Get SALT Encoding   

  12  0:01  Drone  
  13  0:12  Drone  
  14  0:19  Overlord  
  14  0:25  Extractor  
  14  0:26  Drone  
  15  0:39  Drone x2  
  17  0:58  Hatchery  
  17  1:00  Drone  
  17  1:03  Drone  
  18  1:15  Extractor  
  18  1:18  Drone  
  18  1:25  Spawning Pool  
  17  1:26  Drone  
  18  1:35  Drone  
  19  1:45  Overlord  
  19  2:08  Drone x2  
  19  2:12  Queen  
  23  2:17  Hatchery  
  23  2:22  Zergling x2  
  23  2:23  Zergling x2  
  23  2:25  Drone  
  23  2:26  Drone  
  26  2:33  Overlord  
  26  2:44  Metabolic Boost  
  26  2:48  Drone x3  
  29  2:56  Queen  
  31  3:04  Zergling x2  
  31  3:05  Zergling x4  
  34  3:07  Zergling x2  
  35  3:16  Drone x2  
  37  3:21  Pneumatized Carapace  
  37  3:26  Drone x3  
  40  3:27  Drone  
  41  3:36  Queen  
  41  3:39  Overlord  
  43  3:44  Drone x2  
  43  3:46  Drone  
  43  3:48  Drone  
  47  3:56  Evolution Chamber  
  47  3:57  Baneling Nest, Drone  
  47  3:58  Drone  
  47  4:16  Drone x9  
  56  4:21  Extractor, Drone  
  56  4:23  Zerg Melee Weapons Level 1  
  56  4:24  Drone  
  56  4:26  Drone  
  58  4:49  Drone, Spore Crawler  
  58  4:50  Drone, Spore Crawler  
  58  4:53  Spore Crawler  
  58  4:56  Spore Crawler  
  56  5:05  Lair  
  56  5:07  Drone x2  
  56  5:08  Overlord x2  
  56  5:09  Overlord  
  58  5:18  Overlord x3  
  58  5:29  Spore Crawler  
  58  5:30  Spore Crawler  
  58  5:33  Drone x9  
  65  5:42  Drone x2  
  67  5:43  Extractor, Drone  
  67  5:46  Drone x2  
  67  5:49  Hatchery  
  67  5:59  Extractor, Drone x3  
  67  6:02  Extractor, Drone  
  67  6:03  Drone  
  70  6:04  Extractor, Drone x2  
  70  6:06  Drone x3  
  74  6:21  Evolution Chamber  
  74  6:23  Overseer  
  74  6:24  Drone x2  
  74  6:25  Infestation Pit  
  74  6:26  Zerg Melee Weapons Level 2  
  74  6:38  Zergling x2  
  75  6:41  Baneling x3  
  75  6:51  Baneling  
  75  6:52  Baneling  
  75  6:54  Zerg Ground Armor Level 1  
  75  6:57  Drone x3  
  75  7:00  Zergling x28  
  92  7:03  Hive  
  91  7:13  Drone  
  92  7:17  Hydralisk Den, Baneling  
  92  7:22  Baneling  
  91  7:31  Spire  
  91  7:33  Drone x16  
  91  7:36  Queen  
  108  7:52  Muscular Augments  
  108  7:58  Drone x2  
  108  7:59  Drone  
  108  8:00  Extractor  
  108  8:01  Extractor, Drone  
  108  8:02  Drone  
  108  8:03  Overlord x5  
  111  8:14  Hatchery  
  109  8:44  Mutalisk  
  109  8:45  Mutalisk x10  
  109  8:46  Spire  
  109  8:47  Corruptor  
  125  9:10  Spore Crawler x2  
  125  9:11  Spore Crawler x3  
  125  9:12  Drone x15, Spore Crawler x2  
  125  9:13  Spore Crawler x2, Drone x4  
  135  9:22  Corruptor x3  
  135  9:23  Corruptor  
  143  9:30  Overlord x4  
  119  10:08  Hydralisk x8  
  119  10:09  Hydralisk x16  
  119  10:13  Zerg Missile Weapons Level 1  
  167  10:24  Adrenal Glands  
  162  10:49  Zerg Ground Armor Level 2  
  161  11:00  Drone x3  
  161  11:01  Drone x4  
  168  11:12  Zergling x2  
  168  11:13  Zergling x8  
  168  11:17  Overlord x2  
  168  11:18  Overlord x4  
  173  11:21  Extractor  
  173  11:24  Extractor, Hatchery  
  170  11:33  Extractor x2, Ultralisk Cavern, Drone  
  168  11:49  Zergling x42  
  189  12:07  Zerg Melee Weapons Level 3  
  189  12:19  Corruptor x5  
  199  12:24  Spore Crawler x2  
  196  12:37  Zergling x30  
  199  12:50  Zergling x2  
  199  12:51  Zergling x10  
  198  13:09  Overseer x2  
  198  13:10  Overseer x3  
  193  13:13  Corruptor  
  193  13:14  Corruptor x3  
  193  13:18  Zerg Flyer Weapons Level 1, Zerg Flyer Armor Level 1  
  192  13:46  Zergling x18  
  191  14:04  Corruptor x4  
  199  14:19  Zergling x2  
  200  14:32  Hatchery  
  200  14:33  Extractor, Zerg Ground Armor Level 3  
  200  14:35  Extractor  
  196  14:41  Overseer x3  
  196  14:44  Zerg Missile Weapons Level 2  
  196  14:52  Overseer x2  
  193  15:00  Zergling x14  
  193  15:01  Zergling x2  
  198  15:24  Zerg Flyer Armor Level 2, Zerg Flyer Weapons Level 2  
  198  15:25  Corruptor  
  177  16:11  Corruptor x5  
  170  16:12  Corruptor x3  
  154  16:25  Corruptor x21  
  136  16:26  Corruptor x13  
  185  16:35  Overlord x4  
  185  16:36  Overlord  
  167  16:40  Overseer x3  
  167  16:55  Hatchery  
  167  16:57  Spore Crawler x2  
  167  16:58  Spore Crawler, Drone x9  
  167  16:59  Spore Crawler, Drone x3  
  167  17:00  Spore Crawler x2  
  172  17:01  Spore Crawler  
  172  17:02  Spore Crawler  
  172  17:04  Spore Crawler x2  
  172  17:05  Spore Crawler  
  172  17:06  Spore Crawler  
  165  17:08  Overseer  
  165  17:09  Overseer  
  152  17:34  Corruptor x6  
  160  17:42  Ultralisk  
  160  17:44  Overlord x3  
  162  17:45  Zergling x2  
  162  17:46  Overlord x4  
  157  17:58  Zergling x10  
  155  18:05  Extractor  
  155  18:11  Zergling x10  
  156  18:21  Zergling x8  
  160  18:49  Greater Spire  
  148  19:33  Zergling x32  
  148  19:34  Zergling x22  
  175  19:40  Spine Crawler x2  
  175  19:42  Spine Crawler  
  174  20:17  Extractor x2  
Show
View Real Time Build Order
Export as new Build Order

AcidRain Protoss 

Build Orders: 1 Gate Expand 

Get SALT Encoding   

  12  0:01  Probe (Chrono Boost)  
  13  0:15  Probe (Chrono Boost)  
  14  0:26  Probe (Chrono Boost)  
  15  0:28  Pylon  
  15  0:47  Probe (Chrono Boost)  
  16  0:54  Gateway  
  16  0:58  Probe (Chrono Boost)  
  16  1:01  Forge  
  17  1:08  Probe (Chrono Boost)  
  18  1:19  Probe (Chrono Boost)  
  19  1:30  Probe (Chrono Boost)  
  20  1:35  Nexus  
  20  1:48  Photon Cannon  
  20  1:50  Zealot (Chrono Boost)  
  22  1:55  Assimilator  
  22  1:58  Probe  
  22  1:59  Assimilator  
  23  2:16  Pylon  
  23  2:23  Pylon  
  23  2:31  Cybernetics Core  
  23  2:34  Probe (Chrono Boost)  
  24  2:47  Probe (Chrono Boost)  
  24  2:50  Probe (Chrono Boost)  
  26  2:57  Probe (Chrono Boost)  
  27  3:04  Gateway  
  27  3:07  Gateway  
  27  3:10  Warp Gate (Chrono Boost)  
  27  3:11  Probe (Chrono Boost)  
  28  3:15  Mothership Core  
  30  3:20  Zealot  
  30  3:21  Probe  
  33  3:29  Assimilator  
  33  3:32  Probe, Assimilator  
  34  3:36  Probe  
  35  3:43  Probe  
  36  3:48  Probe  
  36  3:53  Probe  
  38  4:00  Probe  
  38  4:01  Stargate  
  39  4:04  Probe  
  39  4:06  Stargate  
  40  4:12  Probe  
  40  4:15  Zealot  
  43  4:19  Pylon  
  43  4:23  Pylon  
  43  4:41  Probe  
  43  4:42  Probe  
  45  4:48  Stargate  
  45  4:51  Probe (Chrono Boost)  
  45  4:56  Fleet Beacon, Probe (Chrono Boost)  
  47  5:03  Probe (Chrono Boost)  
  48  5:08  Probe (Chrono Boost)  
  49  5:17  Gateway  
  49  5:21  Gateway  
  49  5:29  Probe x2 (Chrono Boost)  
  49  5:30  Twilight Council  
  51  5:39  Probe (Chrono Boost)  
  51  5:40  Probe (Chrono Boost)  
  53  5:51  Robotics Facility  
  53  6:01  Pylon  
  52  6:08  Carrier  
  52  6:09  Carrier  
  64  6:12  Carrier  
  70  6:28  Nexus  
  70  6:34  Probe x2 (Chrono Boost)  
  72  6:41  Pylon  
  72  6:42  Pylon  
  72  6:44  Probe x2 (Chrono Boost)  
  72  6:46  Pylon  
  74  6:48  Graviton Catapult  
  74  6:52  Protoss Air Weapons Level 1  
  74  6:59  Probe x2 (Chrono Boost)  
  76  7:07  Protoss Ground Weapons Level 1  
  76  7:10  Probe x2 (Chrono Boost)  
  76  7:12  Charge  
  78  7:20  Probe x2 (Chrono Boost)  
  80  7:26  Observer  
  81  7:31  Probe x2 (Chrono Boost)  
  81  7:34  Robotics Facility  
  81  7:37  Zealot x3  
  85  7:43  Carrier  
  95  7:52  Photon Cannon  
  95  7:55  Assimilator  
  95  8:00  Probe x3 (Chrono Boost)  
  95  8:01  Assimilator  
  98  8:08  Carrier  
  104  8:13  Pylon  
  104  8:16  Pylon  
  106  8:27  Probe x3 (Chrono Boost)  
  107  8:34  Anion Pulse-Crystals  
  107  8:37  Probe x2 (Chrono Boost)  
  90  8:53  Probe (Chrono Boost)  
  90  8:54  Probe x2 (Chrono Boost)  
  91  8:59  Carrier  
  97  9:04  Probe x3 (Chrono Boost)  
  100  9:15  Probe x3 (Chrono Boost)  
  103  9:21  Protoss Air Weapons Level 2 (Chrono Boost)  
  103  9:23  Protoss Shields Level 1  
  103  9:24  Probe (Chrono Boost)  
  103  9:30  Probe  
  104  9:32  Probe  
  104  9:34  Probe  
  107  9:44  Probe  
  108  9:45  Probe x2  
  110  9:56  Probe x2  
  112  10:03  Carrier x2  
  112  10:12  Probe x2  
  112  10:13  Probe  
  112  10:22  Probe x2  
  112  10:25  Probe  
  115  10:33  Probe x2  
  117  10:36  Carrier  
  115  10:46  Nexus  
  115  10:48  Pylon, Probe x2  
  115  10:49  Probe  
  116  11:00  Probe x2  
  116  11:02  Pylon, Probe  
  119  11:10  Probe  
  119  11:16  Immortal  
  124  11:29  Carrier  
  136  11:44  Void Ray  
  140  11:50  Probe x2  
  140  11:52  Assimilator, Probe  
  143  11:54  Assimilator  
  143  11:58  Pylon  
  143  12:03  Immortal  
  147  12:10  Carrier  
  153  12:27  Gateway  
  152  12:37  Photon Cannon  
  151  12:40  Gateway x2  
  151  12:42  Gateway  
  140  12:45  Tempest  
  140  12:49  Zealot x4  
  145  13:20  Tempest  
  145  13:26  Probe  
  145  13:27  Probe x2  
  149  13:28  Tempest, Probe  
  157  13:37  Probe x3  
  157  13:39  Zealot  
  157  13:40  Probe, Zealot x3  
  169  13:47  Probe  
  169  13:48  Probe  
  161  14:08  Nexus  
  161  14:20  Protoss Air Weapons Level 3 (Chrono Boost)  
  160  14:46  Probe x2  
  160  14:47  Probe  
  146  14:56  Probe x2  
  146  14:57  Photon Cannon  
  146  14:59  Probe  
  149  15:08  Nexus  
  149  15:18  Probe x3  
  149  15:19  Carrier, Probe  
  159  15:27  Pylon  
  159  15:28  Probe  
  159  15:30  Probe x2  
  159  15:32  Pylon  
  153  16:04  Photon Cannon  
  140  16:21  Probe x4  
  140  16:23  Probe  
  142  16:31  Probe  
  142  16:32  Probe x3  
  124  16:35  Probe  
  128  16:42  Probe x3  
  130  16:53  Probe  
  127  17:05  Probe (Chrono Boost), Photon Cannon  
  128  17:13  Probe x2 (Chrono Boost)  
  87  17:53  Assimilator  
  87  17:55  Probe x4 (Chrono Boost)  
  63  18:03  Stalker  
  58  18:06  Probe (Chrono Boost)  
  59  18:15  Probe (Chrono Boost)  
  59  18:16  Probe x3 (Chrono Boost)  
  59  18:19  Phoenix  
  65  18:26  Probe x2 (Chrono Boost)  
  59  18:46  Zealot  
  59  18:47  Zealot  
  59  18:48  Zealot  
  65  18:51  Probe x2 (Chrono Boost)  
  67  18:59  Zealot  
  67  19:01  Nexus  
  68  19:04  Pylon  
  68  19:09  Stalker  
  59  19:50  Photon Cannon  
  59  19:52  Probe (Chrono Boost), Photon Cannon  
  61  19:53  Probe (Chrono Boost)  
  61  19:55  Photon Cannon  
  60  20:01  Stalker  
  60  20:02  Stalker x2  
  60  20:03  Probe x2 (Chrono Boost)  
Tags
 
Add a new tag
Caveats
  • Supply blocks, unpowered buildings, or Contaminate may cause inaccurate times.
  • Supply counts are checked every 10 seconds.